 Dungeon Crawl Stone Soup version 0.29-a0-1033-gb6c65ffae6 (webtiles) character file.

Game seed: 14516690915658778582

20 Zonian the Grave Robber (level 2, 0/19 HPs)
             Began as a Demonspawn Necromancer on Aug 14, 2022.
             Succumbed to an orc wizard's poison
             ... on level 2 of the Dungeon.
             The game lasted 00:01:56 (1215 turns).

Zonian the Grave Robber (Demonspawn Necromancer)    Turns: 1215, Time: 00:01:57

Health: 0/19       AC:  2    Str:  8    XL:     2   Next: 58%
Magic:  2/5        EV: 12    Int: 16    God:
Gold:   14         SH:  0    Dex: 13    Spells: 4/5 levels left

rFire   . . .      SeeInvis .   d - +0 dagger
rCold   . . .      Faith    .   (no shield)
rNeg    . . .      Spirit   .   a - +0 robe
rPois   .          Reflect  .   (no helmet)
rElec   .          Harm     .   (no cloak)
rCorr   .          Rampage  .   (no gloves)
Will    .....                   (no boots)
Stlth   ++........              (no amulet)
HPRegen 0.06/turn               (no ring)
MPRegen 0.09/turn               (no ring)

@: lethally poisoned (0 -> -9), attractive
A: powered by death 1
a: no special abilities


You were on level 2 of the Dungeon.
You visited 1 branch of the dungeon, and saw 2 of its levels.

You collected 40 gold pieces.
You spent 26 gold pieces at shops.

Inventory:

Hand Weapons
 d - a +0 dagger (weapon)
Armour
 a - a +0 robe (worn)
Scrolls
 c - a scroll of brand weapon {unknown}
 e - a scroll of enchant weapon {unknown}
 f - a scroll of identify {unknown}


   Skills:
 + Level 2.1 Dodging
 + Level 2.1 Stealth
 + Level 2.3 Spellcasting
 + Level 4.6 Necromancy


You had 4 spell levels left.
You knew the following spells:

 Your Spells              Type           Power      Damage    Failure   Level
a - Necrotise             Necr           64%        1d7       3%          1

Your spell library contained the following spells:

 Spells                   Type           Power      Damage    Failure   Level
 Vampiric Draining        Necr           16%        2d7       9%          3
 Animate Dead             Necr           16%        N/A       30%         4
 Agony                    Necr           16%        N/A       63%         5


Dungeon Overview and Level Annotations

Branches:
Dungeon (2/15)

Altars:

Shops:
D:2 *


Innate Abilities, Weirdness & Mutations

You regenerate a little health from kills.


Message History

Found a stone staircase leading up and a stone staircase leading down.
An orc comes into view. It is wielding a +0 whip.
Unknown command.
An orc comes into view. It is wielding a +0 whip.
The orc shouts!
You hear a shout! x3
An orc wizard comes into view. It is wielding a +2 dagger of venom.
There is a broken door here.
The orc writhes in agony.
The orc barely resists.
The orc closely misses you.
Unknown command.
The orc writhes in agony.
You kill the orc!
The dead are walking!
The orc writhes in agony.
The orc hits you with a +0 whip.
Unknown command.
The orc hits your orc skeleton with a +0 whip.
The orc wizard hits your orc skeleton with a +2 dagger of venom.
Your orc skeleton is destroyed!
Press: ? - help, v - describe, . - travel
Here: an orc wizard, wielding a +2 dagger of venom and wearing a +0 robe The floor.
The orc wizard writhes in agony.
The orc wizard writhes in agony.
You are out of magic!
Unknown command.
Magic courses through your body.
The orc wizard writhes in agony.
The orc wizard writhes in agony.
The orc wizard hits you with a +2 dagger of venom.
You are poisoned.
The orc wizard writhes in agony.
You feel very sick. The orc wizard casts a spell at you.
The puff of flame hits you!
* * * LOW HITPOINT WARNING * * *
You are too injured to fight recklessly!
Unknown command.
It was a potion of attraction.
You feel attractive to monsters.
You die...

######...##.##.#.####
#....†...............
#.##.......###.......
#.........^# ###.####
#..#.#...### #.#
#..#.#...# #)#
#..#.##### #.# #..#.#
#.#### #..#@# #...∩.
#.<#o# ####.. #>.#o#
#.# #.# #.# #.# #.#
#.# #.# ### #.# ##.#
..#.8.##.## #...
..'..o)'..# #..#


You could see an orc wizard and an orc.

Vanquished Creatures
  An orc (D:2)
  2 endoplasms
  A giant cockroach (D:1)
  2 goblins
  A hobgoblin (D:1)
  4 quokkas (D:1)
  3 ball pythons (D:1)
  A frilled lizard (D:2)
  2 kobolds (D:1)
17 creatures vanquished.

Notes
Turn   | Place    | Note
-------+----------+-------------------------------------------
     0 | D:1      | Zonian the Demonspawn Necromancer began the quest for the
                  | Orb.
     0 | D:1      | Reached XP level 1. HP: 13/13 MP: 3/3
   437 | D:1      | Gained mutation: You regenerate a little health from kills.
                  | [demonic ancestry]
   437 | D:1      | Reached XP level 2. HP: 15/19 MP: 0/5
  1090 | D:2      | Found Kiguem's Assorted Antiques.
  1098 | D:2      | Bought a smoky white potion for 26 gold pieces
  1215 | D:2      | Succumbed to an orc wizard's poison

Illustrated notes

Levels and vault maps discovered:
D:1:      mrwooster_arrival_statue_2, layout_basic
D:2:      layout_loops_ring, dilly_ecumenical_altar_fadedgnrine, serial_shops,
          shop, pf_guarded_unrand_delatra

Skill      XL: |  1 |
---------------+----+-----
Stealth        | 2 |  2.1
Dodging        | 2 |  2.1
Spellcasting   | |  2.3
Necromancy     | |  4.6

Action                   || total
-------------------------++-------
Melee: Dagger            ||    21
       Unarmed           ||     1
 Cast: Necrotise         ||    36
  Use: Potion            ||     2
 Stab: Sleeping          ||     3
Armor: Robe              ||     6
Dodge: Dodged            ||    24

Table legend: (Time is in decaauts)
 A = Elapsed time spent in this place.
 B = Non-inter-level travel time spent in this place.
 C = Inter-level travel time spent in this place.
 D = Time resting spent in this place.
 E = Time spent auto-exploring this place.
 F = Levels seen in this place.
 G = Mean time per level.
                   A        B        C        D        E       F      G
               +--------+--------+--------+--------+--------+-----+--------+
         Total |   1214 |   1179 |     35 |    391 |    630 |   2 |  607.0 |
       Dungeon |   1214 |   1179 |     35 |    391 |    630 |   2 |  607.0 |
               +--------+--------+--------+--------+--------+-----+--------+

Top non-repeatable levels by time:
     D:1: 1076 daAuts
     D:2: 137 daAuts
